 Dungeon Crawl Stone Soup version 0.32-a0-675-gdc239d62e1 (webtiles) character file.

Game seed: 3559054569009405614

51168 gimp the Black Belt (level 15, 0/97 (100) HPs)
             Began as a Formicid Shapeshifter on Mar 11, 2024.
             Was a Follower of Uskayaw.
             Slain by an orc warlord
             ... wielding a +5 long sword of protection
              (23 damage)
             ... on level 1 of the Orcish Mines.
             The game lasted 00:36:55 (16791 turns).

gimp the Black Belt (Formicid Shapeshifter)        Turns: 16791, Time: 00:36:55

HP:   0/97 (100)    AC: 31    Str: 19    XL:     15   Next: 0%
MP:   19/19         EV: 20    Int: 11    God:    Uskayaw [*.....]
Gold: 1768          SH:  0    Dex: 19    Spells: 14/14 levels left

rFire   . .          .
                       - Unarmed
rCold   + . .        (no shield)
rNeg    + . .        p - melded +0 robe of Music {Dex+4}
rPois   ∞            (helmet unavailable)
rElec   +            q - +2 cloak
rCorr   .            w - melded +2 pair of gloves
SInv    +            L - melded +0 pair of boots "Juix" {Dex+8}
Will    +....        s - amulet of regeneration
Stlth   ++           G - +4 ring of protection
HPRegen 1.16/turn    v - ring of protection from cold
MPRegen 0.16/turn

%: no passive effects
@: statue-form, studying Translocations, lightly drained, very slow
A: slow and powerful, torment resistance 1, reduced hp, permanent stasis, dig
shafts and tunnels, antennae 3, four strong arms, subdued magic 1
a: Dig, Shaft Self, Begin Untransformation, Renounce Religion, Stomp


You were on level 1 of the Orcish Mines.
You worshipped Uskayaw.
Uskayaw was noncommittal.
You were a living statue of rough stone.
You visited 4 branches of the dungeon, and saw 19 of its levels.
You also visited: Gauntlet.

You collected 1906 gold pieces.
You spent 138 gold pieces at shops.

Inventory:

Missiles
 m - 3 curare-tipped darts
Armour
 p - the +0 robe of Music (melded) {Dex+4}
   (You found it on level 5 of the Lair of Beasts)

   Dex+4:     It affects your dexterity (+4).
 q - a +2 cloak (worn)
 w - a +2 pair of gloves (melded)
 K - a +2 leather armour of fire resistance
 L - the +0 pair of boots "Juix" (melded) {Dex+8}
   (You found it on level 4 of the Lair of Beasts)

   Dex+8:     It affects your dexterity (+8).
Jewellery
 s - an amulet of regeneration (around neck)
 v - a ring of protection from cold (right fist)
 D - a ring of resist corrosion
 G - a +4 ring of protection (left fist)
Talismans
 c - a beast talisman
 d - a flux talisman
 C - a granite talisman (active)
Wands
 f - a wand of charming (24)
 t - a wand of warping (16)
 y - a wand of flame (17)
 A - a wand of digging (6)
 E - a wand of mindburst (15)
 N - a wand of quicksilver (3)
Scrolls
 e - 2 scrolls of summoning
 h - a scroll of poison
 k - 2 scrolls of fear
 n - 2 scrolls of immolation
 z - 2 scrolls of fog
 F - a scroll of revelation
 H - 2 scrolls of noise
 I - 2 scrolls of enchant armour
Potions
 b - 2 potions of resistance
 i - 6 potions of curing
 j - 2 potions of magic
 l - a potion of mutation
 r - 2 potions of might
 x - 6 potions of lignification
 B - 2 potions of enlightenment
 J - a potion of heal wounds


   Skills:
 - Level 5.0 Fighting
 + Level 11.9 Dodging
 - Level 16.2 Unarmed Combat
 + Level 6.6 Invocations
 + Level 13.5 Shapeshifting


You had 14 spell levels left.
You didn't know any spells.
Your spell library contained the following spells:

 Spells                   Type           Power      Damage    Failure   Level
 Kiss of Death            Conj/Necr      0%         2d5       30%         1
 Sting                    Conj/Alch      0%         1d3       30%         1
 Ensorcelled Hibernation  Hex/Ice        0%         N/A       43%         2
 Mercury Vapours          Alch/Air       0%         N/A       43%         2
 Scorch                   Fire           0%         2d5       43%         2
 Static Discharge         Conj/Air       0%         3-3/arc   43%         2
 Confusing Touch          Hex            0%         N/A       67%         3
 Dazzling Flash           Conj/Hex       0%         N/A       67%         3
 Fugue of the Fallen      Necr           0%         N/A       67%         3
 Mephitic Cloud           Conj/Alch/Air  0%         N/A       67%         3
 Ozocubu's Armour         Ice            0%         N/A       67%         3
 Volatile Blastmotes      Fire/Tloc      0%         2d10      67%         3
 Anguish                  Hex/Necr       0%         N/A       97%         4
 Cause Fear               Hex            0%         N/A       97%         4
 Dispel Undead            Necr           0%         3d6       97%         4
 Flame Wave               Conj/Fire      0%         2d4       97%         4
 Fulminant Prism          Conj/Alch      0%         3d5       97%         4
 Iskenderun's Mystic Bla  Conj/Tloc      0%         2d3       97%         4
 Manifold Assault         Tloc           0%         N/A       97%         4
 Olgreb's Toxic Radiance  Alch           0%         N/A       97%         4
 Summon Blazeheart Golem  Fire/Summ      0%         N/A       97%         4
 Curse of Agony           Necr           0%         N/A       100%        5
 Silence                  Hex/Air        0%         N/A       100%        5
 Sculpt Simulacrum        Ice/Alch       0%         N/A       100%        6
 Summon Cactus Giant      Summ           0%         N/A       100%        6
 Enfeeble                 Hex            0%         N/A       100%        7
 Orb of Destruction       Conj           0%         9d5       100%        7
 Spellforged Servitor     Conj/Summ      0%         N/A       100%        7
 Polar Vortex             Ice            0%         N/A       100%        9


Dungeon Overview and Level Annotations

Branches:
Dungeon (11/15)            Temple (1/1) D:6            Lair (5/5) D:8
 Shoals (0/4) Lair:3        Snake (0/4) Lair:2        Slime (0/5) Lair:4
    Orc (2/2) D:9             Elf (0/3) Orc:2       Gauntlet (visited)

Altars:
Ashenzari
Cheibriados
Dithmenos
Elyvilon
Fedhas
Gozag
Hepliaklqana
Kikubaaqudgha
Makhleb
Nemelex Xobeh
Okawaru
Qazlal
Ru
Sif Muna
Trog
Uskayaw
Vehumet
Wu Jian
Xom
Yredelemnul
Zin
The Shining One
Jiyva
Lugonu

Shops:
D:1 !   D:7 ?   D:10 =

Portals:
Abyss: Lair:5

Annotations:
D:1 Terence
D:4 Blork the orc
D:11 Urug


Innate Abilities, Weirdness & Mutations

You are a living statue of rough stone.
Your actions are slow, but your melee attacks are powerful.
You are resistant to unholy torment.
Your maximum health is decreased, since you lack skill for your form.
Your equipment is partially melded.
You cannot be hasted, slowed, berserked, paralysed or teleported.
You can dig through walls and to a lower floor.
You are immune to poison.
You have a pair of large antennae on your head. (SInv)
Your four strong arms can wield two-handed weapons with a shield.
Your spells are a little easier to cast, but a little less powerful.


Message History

You climb downwards.
Beware, you cannot shaft yourself on this level.
You feel an oppressive heat about you.
There is an entrance to a volcano on this level.
Hurry and find it before the entrance collapses!
You hear the rapid rumble of a very distant avalanche of rocks.
The orc warlord hits you but does no damage.
The orc warlord hits you with a +5 long sword of protection!
There is a stone staircase leading up here.
You take 17 damage, and have 80/97 hp.
The orc warlord blocks your attack. x2; The kobold blastminer shoots an arrow.
The arrow hits you but does no damage.
The orc warlord hits you with a +5 long sword of protection.
You take 4 damage, and have 76/97 hp.
You beat the orc warlord into a bloody pulp!!!
You punch the orc warlord!
The orc warlord is moderately wounded.
The kobold blastminer shoots an arrow.
The arrow hits you but does no damage.
The orc warlord hits you but does no damage.
The kobold blastminer shoots an arrow.
The arrow barely misses you.
The arrow barely misses the orc warlord.
The orc warlord closely misses you.
The kobold blastminer shoots an arrow.
The arrow closely misses you.
The orc warlord blocks the arrow.
You climb upwards.
There is a stone staircase leading down, spattered with blood here.
You regained 5 hp, and now have 82/97 hp.
You hit the orc warlord but do no damage.
The orc warlord is moderately wounded.
The orc warlord hits you but does no damage.
The orc warlord blocks your attack.
The orc warlord is moderately wounded.
The orc warlord misses you.
You hit the orc warlord but do no damage.
The orc warlord is moderately wounded.
The orc warlord hits you with a +5 long sword of protection!
The orc warlord misses you.
You take 9 damage, and have 75/97 hp.
The orc warlord blocks your attack.
You punch the orc warlord, but do no damage.
The orc warlord is moderately wounded.
The orc warlord hits you with a +5 long sword of protection.
The orc warlord blocks your attack.
You punch the orc warlord.
The orc warlord is moderately wounded.
The orc warlord completely misses you.
You punch the orc warlord!
The orc warlord is heavily wounded.
The orc warlord hits you but does no damage.
The orc warlord blocks your attack.
The orc warlord is heavily wounded.
The orc warlord hits you with a +5 long sword of protection.
You punch the orc warlord! The orc warlord blocks your attack.
The orc warlord is heavily wounded.
The orc warlord hits you with a +5 long sword of protection!
You take 13 damage, and have 65/97 hp.
The orc warlord blocks your attack.
The orc warlord is heavily wounded.
The orc warlord hits you with a +5 long sword of protection!!
You take 18 damage, and have 47/97 hp.
You are too injured to fight recklessly!
You are too injured to fight recklessly!
The orc warlord blocks your attack.
The orc warlord is heavily wounded.
The orc warlord hits you with a +5 long sword of protection!
You take 6 damage, and have 41/97 hp.
You beat the orc warlord into a bloody pulp!!!
The orc warlord is almost dead.
The orc warlord misses you.
You can now pass through a line of other dancers.
You hit the orc warlord but do no damage.
The orc warlord is almost dead.
The orc warlord hits you with a +5 long sword of protection!
* * * LOW HITPOINT WARNING * * *
You take 14 damage, and have 28/97 hp.
You barely miss the orc warlord.
The orc warlord is almost dead.
The orc warlord hits you with a +5 long sword of protection.
* * * LOW HITPOINT WARNING * * *
You take 3 damage, and have 25/97 hp.
The orc warlord blocks your attack.
The orc warlord is almost dead.
The orc warlord barely misses you. The orc warlord blocks your attack.
You punch the orc warlord, but do no damage.
The orc warlord is almost dead.
The orc warlord hits you with a +5 long sword of protection!
* * * LOW HITPOINT WARNING * * *
You take 6 damage, and have 20/97 hp.
The orc warlord blocks your attack.
The orc warlord is almost dead.
The orc warlord hits you but does no damage.
You can no longer pass through a line of other dancers.
Unknown command.
Okay, then.
Aiming: Quicksilver Bolt
Press: ? - help, Shift-Dir - straight line, f - orc warlord
Aim: an orc warlord, wielding a +5 long sword of protection, wearing a +4 chain mail of poison resistance and wearing a +0 kite shield (almost dead, 83% to hit)
The bolt of dispelling energy hits the orc warlord!
The orc warlord is almost dead.
The orc warlord hits you with a +5 long sword of protection!!
You die...
Your body falls in perfect tune with the rhythm.

##..#...#.##...##
#......#...#....###
#......#.......##.##
#......#...........#
##.#..##.......##.##
##.#...........##...#
#...#..........###.##
##.............# ###
#...oI....#..##
##....)....###
##.[........#
#..........##
##.###...### ###
#####


You could see an orc warlord.

Vanquished Creatures
  Kirke (Lair:4)
  A minotaur (Gauntlet)
  Josephine (Orc:2)
  3 hydras (Lair:5)
  3 death yaks (Lair:5)
  A two-headed ogre (D:10)
  2 thrashing horrors (Lair:5)
  A skyshark (Lair:2)
  2 large abominations (Lair:5)
  2 harpies (Lair:3)
  2 ugly things (Lair:5)
  An orc knight (Orc:2)
  A cyclops (D:11)
  Maurice (D:7)
  3 black mambas
  14 elephants
  Jeremiah (D:8)
  5 cane toads
  A gargoyle (D:10)
  3 smoke demons (Lair:5)
  3 rime drakes
  2 kobold demonologists
  9 komodo dragons
  2 trolls (Orc:2)
  3 polar bears
  A hornet (shapeshifter) (Lair:5)
  A hornet (D:11)
  18 dream sheep
  2 raiju (Lair:5)
  17 blink frogs
  A spriggan (Lair:5)
  8 small abominations (Lair:5)
  44 yaks
  A vampire (D:9)
  6 wraiths
  3 wyverns
  3 hogs (Lair:4)
  6 basilisks
  2 chaos spawn (Lair:5)
  A naga (Lair:2)
  16 water moccasins
  3 black bears
  11 orc warriors
  2 sky beasts
  5 ogres
  3 ice beasts
  A tengu (shapeshifter) (Lair:5)
  9 wolves (Lair:5)
  5 centaurs
  2 phantoms
  3 kobold brigands
  16 bullfrogs
  4 scorpions
  6 wights
  5 howler monkeys
  3 electric eels (Lair:3)
  4 jellies
  5 hounds
  17 orc priests
  2 bombardier beetles
  2 sleepcaps
  17 orc wizards
  6 hell rats
  4 gnolls (D:3)
  6 river rats (Lair:4)
  9 adders
  4 white imps
  An ufetubus (D:6)
  4 dart slugs
  2 ribbon worms
  56 orcs
  7 ball pythons
  5 bats
  8 endoplasms
  2 giant cockroaches
  3 goblins
  5 hobgoblins
  11 jackals
  13 kobolds
  3 quokkas
  3 frilled lizards
  7 rats
482 creatures vanquished.

Vanquished Creatures (collateral kills)
  2 orcs (D:4)
2 creatures vanquished.

Vanquished Creatures (others)
  An ogre (D:5)
  An orc (D:4)
2 creatures vanquished.

Grand Total: 486 creatures vanquished

Notes
Turn   | Place    | Note
-------+----------+-------------------------------------------
     0 | D:1      | gimp the Formicid Shapeshifter began the quest for the Orb.
     0 | D:1      | Reached XP level 1. HP: 15/15 MP: 1/1
    38 | D:1      | Reached XP level 2. HP: 21/21 MP: 2/2
   270 | D:1      | Reached XP level 3. HP: 24/27 MP: 3/3
   487 | D:1      | Found Keesmuub's Distillery.
   496 | D:1      | Bought a potion of curing for 33 gold pieces
   699 | D:2      | Noticed Terence
   709 | D:2      | Reached XP level 4. HP: 31/34 MP: 4/4
   746 | D:1      | You fall into a shaft and drop 1 floor!
   851 | D:2      | HP: 2/45 [orc priest/divine providence (14)]
   855 | D:2      | Reached XP level 5. HP: 3/39 MP: 5/5
  1241 | D:2      | Reached skill level 4 in Unarmed Combat
  1910 | D:3      | Reached XP level 6. HP: 45/47 MP: 6/6
  2093 | D:3      | Gained mutation: Your spells are a little easier to cast,
                  | but a little less powerful. [potion of mutation]
  2208 | D:3      | Found a faded altar of an unknown god.
  2211 | D:3      | Found a shimmering blue altar of Sif Muna.
  2359 | D:3      | Reached skill level 5 in Shapeshifting
  2656 | D:3      | Reached XP level 7. HP: 35/55 MP: 7/7
  2670 | D:3      | Reached skill level 5 in Unarmed Combat
  2845 | D:3      | Found a stormy altar of Qazlal.
  3597 | D:4      | Noticed Blork the orc
  3790 | D:4      | Found an iron altar of Okawaru.
  3955 | D:4      | Found an opulent altar of Gozag.
  4262 | D:5      | Entered Level 5 of the Dungeon
  4282 | D:5      | Noticed a water moccasin
  4293 | D:5      | Killed a water moccasin
  4294 | D:5      | Reached skill level 5 in Fighting
  4294 | D:5      | Reached XP level 8. HP: 35/62 MP: 8/8
  4544 | D:5      | Reached skill level 6 in Unarmed Combat
  4667 | D:5      | Found a hazy altar of Hepliaklqana.
  5026 | D:5      | Reached skill level 7 in Unarmed Combat
  5368 | D:5      | Found a sacrificial altar of Ru.
  5370 | D:5      | Found a sparkling altar of Nemelex Xobeh.
  5572 | D:6      | Found a staircase to the Ecumenical Temple.
  5579 | Temple   | Entered the Ecumenical Temple
  5587 | Temple   | Became a worshipper of Uskayaw the Reveller
  5603 | D:6      | Reached * piety under Uskayaw
  5629 | D:6      | Reached XP level 9. HP: 68/68 MP: 9/9
  5669 | D:6      | Reached ** piety under Uskayaw
  5802 | D:6      | Reached skill level 8 in Unarmed Combat
  5806 | D:6      | Reached *** piety under Uskayaw
  6243 | D:7      | Found Cebes's Magic Scroll Emporium.
  6251 | D:7      | Bought a scroll of fog for 60 gold pieces
  6251 | D:7      | Bought a scroll of identify for 30 gold pieces
  6251 | D:7      | Bought a scroll of noise for 15 gold pieces
  6429 | D:7      | Noticed Maurice
  6441 | D:7      | Maurice stole a flux talisman
  6445 | D:7      | Killed Maurice
  6446 | D:7      | Reached skill level 9 in Unarmed Combat
  6737 | D:7      | Found a glowing silver altar of Zin.
  7020 | D:7      | Reached skill level 10 in Unarmed Combat
  7070 | D:7      | Reached XP level 10. HP: 74/74 MP: 10/10
  7124 | D:6      | Noticed an unseen horror
  7124 | D:6      | Noticed a two-headed ogre
  7684 | D:8      | Reached skill level 5 in Dodging
  7686 | D:8      | Reached **** piety under Uskayaw
  7691 | D:8      | Reached ***** piety under Uskayaw
  7694 | D:8      | Reached skill level 11 in Unarmed Combat
  8101 | D:8      | Found a staircase to the Lair.
  8105 | D:8      | Noticed a komodo dragon
  8264 | D:8      | Identified the +4 plate armour of Oblivion {rF- rN+ Regen+
                  | Int+2}
  8269 | D:8      | Identified the +3 leather armour "Orrim" {Int+3 Dex+3 SInv}
  8339 | D:8      | Noticed Jeremiah
  8360 | D:8      | Killed Jeremiah
  8361 | D:8      | Reached skill level 12 in Unarmed Combat
  8403 | D:8      | Killed a komodo dragon
  8404 | D:8      | Reached XP level 11. HP: 79/79 MP: 11/11
  8870 | D:9      | Found a staircase to the Orcish Mines.
  9094 | D:8      | Noticed a sun demon
  9817 | D:10     | Entered Level 10 of the Dungeon
  9846 | D:10     | Found Bisie's Jewellery Shoppe.
  9959 | D:10     | Reached skill level 13 in Unarmed Combat
 10266 | D:10     | Noticed a two-headed ogre
 10277 | D:10     | Killed a two-headed ogre
 10433 | D:11     | Noticed a cyclops
 10445 | D:11     | Killed a cyclops
 10464 | D:11     | Noticed Urug
 10545 | Lair:1   | Entered Level 1 of the Lair of Beasts
 10732 | Lair:1   | Reached XP level 12. HP: 77/86 MP: 12/12
 10844 | Lair:1   | Reached skill level 14 in Unarmed Combat
 11397 | Lair:2   | Found a staircase to the Snake Pit.
 11505 | Lair:2   | Noticed a skyshark
 11527 | Lair:2   | Killed a skyshark
 12156 | Lair:3   | Reached skill level 15 in Unarmed Combat
 12199 | Lair:3   | Reached ****** piety under Uskayaw
 12207 | Lair:3   | Reached XP level 13. HP: 87/91 MP: 13/13
 12368 | Lair:3   | Reached skill level 10 in Shapeshifting
 12618 | Lair:3   | Found a staircase to the Shoals.
 13128 | Lair:4   | Reached skill level 16 in Unarmed Combat
 13261 | Lair:4   | Identified the +0 pair of boots "Juix" {Dex+8}
 13276 | Lair:4   | Noticed Kirke
 13490 | Lair:4   | Killed Kirke
 13491 | Lair:4   | Reached skill level 10 in Dodging
 13727 | Lair:4   | Found a viscous altar of Jiyva.
 13727 | Lair:4   | Found a staircase to the Slime Pits.
 13941 | Lair:5   | Entered Level 5 of the Lair of Beasts
 14004 | Lair:5   | Noticed a four-headed hydra
 14030 | Lair:5   | Killed a four-headed hydra
 14106 | Lair:5   | Noticed a seven-headed hydra
 14118 | Lair:5   | Killed a seven-headed hydra
 14405 | Lair:5   | Reached XP level 14. HP: 92/98 MP: 14/14
 14572 | Lair:5   | Identified the +0 robe of Music {Dex+4}
 14706 | Lair:5   | Reached skill level 1 in Invocations
 15296 | Lair:5   | Reached skill level 5 in Invocations
 15360 | Lair:5   | Found a corrupted altar of Lugonu.
 15360 | Lair:5   | Found a one-way gate to the infinite horrors of the Abyss.
 15380 | Lair:5   | Identified a scroll of acquirement
 15381 | Lair:5   | Acquired 413 gold pieces
 15877 | Orc:1    | Entered Level 1 of the Orcish Mines
 16105 | Orc:2    | Entered Level 2 of the Orcish Mines
 16115 | Orc:2    | Found a gate leading to a gauntlet.
 16136 | Gauntlet | Entered a Gauntlet
 16136 | Gauntlet | Found a transporter.
 16143 | Gauntlet | Found a transporter.
 16144 | Gauntlet | Found a transporter.
 16152 | Gauntlet | Found a transporter.
 16156 | Gauntlet | Found a transporter.
 16167 | Gauntlet | Found a transporter.
 16168 | Gauntlet | Found a transporter.
 16179 | Gauntlet | Found a transporter.
 16180 | Gauntlet | Found a transporter.
 16184 | Gauntlet | Found a runed translucent door.
 16184 | Gauntlet | Found a runed translucent door.
 16188 | Gauntlet | Found a transporter.
 16209 | Gauntlet | Found a transporter.
 16221 | Gauntlet | Found a transporter.
 16233 | Gauntlet | Found a transporter.
 16245 | Gauntlet | Found a transporter.
 16324 | Gauntlet | Noticed a minotaur
 16337 | Gauntlet | Killed a minotaur
 16377 | Gauntlet | Identified the +1 ring mail "Yginlen" {Int+3 Dex+3 Stlth+}
 16378 | Gauntlet | Got the Anthology of the Glacial Welkin
 16427 | Orc:2    | Noticed Josephine
 16436 | Orc:2    | Killed Josephine
 16545 | Orc:2    | Noticed an orc warlord
 16597 | Orc:2    | Found a staircase to the Elven Halls.
 16611 | Orc:2    | Reached XP level 15. HP: 72/103 MP: 19/19
 16791 | Orc:1    | Slain by an orc warlord

Illustrated notes

Levels and vault maps discovered:
D:1:      minmay_arrival_stone_box, layout_rooms, serial_forest,
          infiniplex_forest_clump_tiny, infiniplex_forest_lined_2,
          infiniplex_forest_end_2, infiniplex_forest_straight_3,
          infiniplex_forest_clump_medium, serial_shops,
          nicolae_shop_just_a_little_nook
D:2:      layout_loops_ring, minmay_misc_feat_tower,
          amcnicky_mini_corridor_feature, chequers_garden, serial_bayou_pond_b,
          minmay_heptomino_w4, uniq_terence
D:3:      layout_basic, nicolae_overflow_ecumenical_swirl,
          nicolae_qazlal_eye_of_the_storm, cheibrodos_gnoll_hut
D:4:      layout_loops_ring, nicolae_overflow_crystal_walls,
          mainiacjoe_overflow_boulevard, kennysheep_generic_room_9,
          uniq_blork_the_orc
D:5:      layout_cave_pods, nicolae_overflow_hidden_temple,
          mainiacjoe_overflow_24_doors
D:6:      minmay_klotski, layout_basic, minmay_temple_entry_sparse_star,
          uniq_eustachio, uniq_prince_ribbit1
D:7:      black_bear_nest_1, layout_layer_cave, zin_statuary, serial_shops,
          nicolae_shop_tiny_waterfront, serial_library_hellmonk_small_corner,
          uniq_maurice
D:8:      layout_loops_ring, due_lair_maze_entry_diamond, serial_glass,
          glass_columns_a, glass_columns_b, uniq_jeremiah
D:9:      layout_grid_maze, orc_0_dummy, st_stairs_4
D:10:     layout_small_grid, serial_shops, shop
D:11:     layout_irregular_city, uniq_urug
Temple:   nicolae_temple_two_arcs
Lair:1:   layout_big_grid
Lair:2:   beargit_carnivore_pack, layout_misc_corridors,
          guppyfry_snake_entry_garden
Lair:3:   layout_hall_layers, nicolae_shoals_entry_roost, fungi_pond_lemuel,
          grunt_megastairs_5, infiniplex_staircase_pool
Lair:4:   layout_misc_corridors, slime_entry_2, kennysheep_abandoned_house,
          uniq_kirke
Lair:5:   hellmonk_lair_end_abyssal_woods, layout_regular_city,
          serial_bayou_shore_b, grunt_megastairs_4
Orc:1:    layout_caves, elf_legates
Orc:2:    kennysheep_orc_mage_school, layout_caves,
          nicolae_volcano_entry_hallway, gauntlet_entry_generic, uniq_josephine

Skill      XL: |  1  2  3  4  5  6  7  8  9 10 11 12 13 14 |
---------------+-------------------------------------------+-----
Fighting       | 2 3 4 5 |  5.0
Shapeshifting  | 4 5 7 8 9 11 13 | 13.5
Unarmed Combat | 4 5 7 10 12 13 15 16 | 16.2
Dodging        | 4 6 7 9 10 11 | 11.9
Invocations    | 6 |  6.6

Action                     |  1- 3 |  4- 6 |  7- 9 | 10-12 | 13-15 || total
---------------------------+-------+-------+-------+-------+-------++-------
  Melee: Unarmed           |    82 |   183 |   320 |   539 |   753 ||  1877
         Punch             |     2 |     2 |     9 |       |     6 ||    19
 Invoke: Stomp             |       |       |       |     1 |     3 ||     4
         Line Pass         |       |       |       |     1 |     4 ||     5
         Grand Finale      |       |       |       |       |     1 ||     1
Ability: Dig               |       |     3 |     1 |     3 |     1 ||     8
         Shaft Self        |       |     1 |       |       |       ||     1
  Evoke: Wand              |       |       |     5 |     6 |     8 ||    19
    Use: Potion            |       |     6 |       |       |     4 ||    10
         Scroll            |       |       |     5 |     9 |    10 ||    24
   Stab: Sleeping          |     2 |     3 |     1 |       |       ||     6
         Paralysed         |       |       |     2 |    24 |    63 ||    89
         Distracted        |       |       |       |       |     1 ||     1
         Confused          |       |       |       |       |     1 ||     1
 Armour: Animal skin       |    38 |    85 |    64 |       |       ||   187
         Skin              |       |     2 |    76 |   191 |   286 ||   555
  Dodge: Dodged            |    51 |    86 |   169 |   418 |   670 ||  1394
   Form: Flux              |       |       |     1 |       |     1 ||     2
                           |       |       |       |       |     1 ||     1
         Statue            |       |       |       |       |     1 ||     1

Table legend: (Time is in decaauts)
 A = Elapsed time spent in this place.
 B = Non-inter-level travel time spent in this place.
 C = Inter-level travel time spent in this place.
 D = Time resting spent in this place.
 E = Time spent auto-exploring this place.
 F = Levels seen in this place.
 G = Mean time per level.
                   A        B        C        D        E       F      G
               +--------+--------+--------+--------+--------+-----+--------+
         Total |  16388 |  15677 |    711 |    170 |  11433 |  20 |  819.4 |
       Dungeon |  10477 |  10043 |    434 |    111 |   7787 |  11 |  952.5 |
        Temple |     16 |      9 |      7 |      0 |      0 |   1 |   16.0 |
          Lair |   5011 |   4772 |    239 |      0 |   3399 |   5 | 1002.2 |
  Orcish Mines |    640 |    609 |     31 |      0 |    246 |   2 |  320.0 |
      Gauntlet |    242 |    242 |      0 |     59 |      0 |   1 |  242.0 |
               +--------+--------+--------+--------+--------+-----+--------+

Top non-repeatable levels by time:
  Lair:5: 1612 daAuts
     D:3: 1400 daAuts
     D:7: 1336 daAuts
     D:5: 1168 daAuts
     D:4: 1157 daAuts
     D:9: 1145 daAuts
  Lair:3: 1125 daAuts
     D:2: 1079 daAuts
     D:8: 1073 daAuts
  Lair:4: 894 daAuts
     D:6: 845 daAuts
  Lair:2: 774 daAuts
    D:10: 607 daAuts
  Lair:1: 604 daAuts
     D:1: 601 daAuts
